 Dungeon Crawl Stone Soup version 0.29.0-5-ge4962eb29e (webtiles) character file.

Game seed: 382094758026418639

289 xian the Shooter (level 6, -3/37 HPs)
             Began as a Gargoyle Arcane Marksman on Aug 29, 2022.
             Slain by Duvessa
             ... wielding a +0 short sword
              (12 damage)
             ... on level 4 of the Dungeon.
             The game lasted 00:05:22 (2250 turns).

xian the Shooter (Gargoyle Arcane Marksman)         Turns: 2250, Time: 00:05:25

Health: -3/37      AC:  8    Str: 19    XL:     6   Next: 31%
Magic:  12/16      EV: 12    Int: 17    God:
Gold:   205        SH:  0    Dex: 13    Spells: 6/7 levels left

rFire   . . .      SeeInvis .   p - +7 sling "Duidig" {venom, +Blink Str+4 Int+3 Dex+3}
rCold   . . .      Faith    .   (no shield)
rNeg    + . .      Spirit   .   r - +0 leather armour
rPois   ∞          Reflect  .   (no helmet)
rElec   +          Harm     .   (no cloak)
rCorr   .          Rampage  .   o - +0 pair of gloves
Will    .....                   (no boots)
Stlth   +.........              (no amulet)
HPRegen 0.12/turn               s - ring of magical power
MPRegen 0.15/turn               (no ring)

@: very slightly contaminated
A: sickness immunity, AC +4, negative energy resistance 1, electricity
resistance, torment resistance 1, petrification resistance
a: Evoke Blink


You were on level 4 of the Dungeon.
You visited 1 branch of the dungeon, and saw 4 of its levels.

You collected 205 gold pieces.

Inventory:

Hand Weapons
 h - a +0 mace
 p - the +7 sling "Duidig" (weapon) {venom, +Blink Str+4 Int+3 Dex+3}
   (You took it off a kobold on level 2 of the Dungeon)

   Any ammunition fired from it poisons the flesh of those it strikes.
   Str:       It affects your strength (+4).
   Int:       It affects your intelligence (+3).
   Dex:       It affects your dexterity (+3).
   +Blink:    It lets you blink.
Armour
 o - a +0 pair of gloves (worn)
 r - a +0 leather armour (worn)
Jewellery
 s - a ring of magical power (left hand)
Scrolls
 a - a scroll of butterflies
 b - a scroll of poison
 i - a scroll of summoning
 m - 2 scrolls of blinking
 q - a scroll of noise
Potions
 c - 2 potions of flight {unknown}
 d - a potion of heal wounds {unknown}
 e - a potion of mutation {unknown}
 f - a potion of brilliance {unknown}
 g - a potion of might {unknown}
 k - 3 potions of haste {unknown}
 l - a potion of curing {unknown}
 t - a potion of resistance {unknown}


   Skills:
 + Level 3.2 Fighting
 + Level 5.2 Ranged Weapons
 + Level 0.7 Armour
 + Level 1.9 Dodging
 + Level 0.2 Stealth
 + Level 1.0 Spellcasting
 + Level 3.0 Hexes


You had 6 spell levels left.
You knew the following spells:

 Your Spells              Type           Power      Damage    Failure   Level
a - Slow                  Hex            44%        N/A       8%          1

Your spell library contained the following spells:

 Spells                   Type           Power      Damage    Failure   Level
 Sting                    Tmut/Pois      0%         1d3       26%         1
 Poisonous Vapours        Pois/Air       0%         N/A       36%         2
 Inner Flame              Hex/Fire       6%         N/A       38%         3
 Portal Projectile        Hex/Tloc       12%        N/A       38%         3
 Cause Fear               Hex            5%         N/A       58%         4
 Olgreb's Toxic Radiance  Pois           0%         N/A       94%         4


Dungeon Overview and Level Annotations

Branches:
Dungeon (4/15)
 Temple: D:4-7

Altars:

Annotations:
D:4 Duvessa


Innate Abilities, Weirdness & Mutations

You are immune to sickness and miasma.
Your stone body is resilient. (AC +4)
You are immune to poison.
You resist negative energy. (rN+)
You are resistant to electric shocks. (rElec)
You are resistant to unholy torment.
You are immune to petrification.


Message History

You hear the slow hiss of a very distant avalanche of sand.
Fire: p) +7 sling "Duidig" {venom, +Blink Str+4 Int+3 Dex+3}
Press: ? - help, Q - select action, (/) - cycle Shift-Dir - straight line, f/p - Duvessa
Aim: Duvessa, wielding a +0 short sword and wearing a +0 leather armour (heavily wounded, fast, 69% to hit)
You shoot a sling bullet. The sling bullet barely misses Duvessa.
The sling bullet barely misses Dowan.
Duvessa misses you.
Casting: Slow (safe; 8% risk of failure)
Confirm with . or Enter, or press ? or * to list all spells.
Aiming: Slow (safe; 8% risk of failure)
Press: ? - help, Shift-Dir - straight line, f/p - Duvessa
Aim: Duvessa, wielding a +0 short sword and wearing a +0 leather armour (heavily wounded, fast, chance to affect: 32%) Duvessa easily resists.
Duvessa barely misses you. Dowan hits you with a +0 dagger.
Duvessa hits you with a +0 short sword.
Unknown command.
Casting: Slow (safe; 8% risk of failure)
Confirm with . or Enter, or press ? or * to list all spells.
Aiming: Slow (safe; 8% risk of failure)
Press: ? - help, Shift-Dir - straight line, f/p - Duvessa
Aim: Duvessa, wielding a +0 short sword and wearing a +0 leather armour (heavily wounded, fast, chance to affect: 32%)
You miscast Slow.
You are very lightly contaminated with residual magic.
Nothing appears to happen.
You kill Dowan!
Duvessa screams, "No!
How DARE you!"
Duvessa goes berserk!
Duvessa closely misses you.
Your Ranged Weapons skill increases to level 5!
Duvessa hits you with a +0 short sword. Duvessa hits you with a +0 short sword!
* * * LOW HITPOINT WARNING * * *
Things that are here:
a +0 dagger; a +0 robe; the elf corpse of Dowan
Casting: Slow (safe; 8% risk of failure)
Confirm with . or Enter, or press ? or * to list all spells.
Aiming: Slow (safe; 8% risk of failure)
Press: ? - help, Shift-Dir - straight line, f/p - Duvessa
Aim: Duvessa, wielding a +0 short sword and wearing a +0 leather armour (heavily wounded, berserk, fast, chance to affect: 32%) Duvessa easily resists.
Duvessa hits you with a +0 short sword.
* * * LOW HITPOINT WARNING * * *
Duvessa hits you with a +0 short sword!
You die...

#.....# #...... #.....#
#...... #...e## #......
###..# #......## #..#####
#.......######.....#######
........+....>.###....e..#
#...#...################..
........e@................
....#....#################
.........# .......
..####+#.# ####### ...
#.#. #.#. ### ..# . #..
#.#


You could see Duvessa (berserk, fast).

Vanquished Creatures
  A scorpion (D:3)
  Dowan (D:4)
  7 adders
  4 gnolls (D:2)
  A worm (D:3)
  2 dart slugs
  8 bats
  9 endoplasms
  A giant cockroach (D:2)
  5 goblins
  6 hobgoblins
  4 jackals
  4 quokkas
  5 ball pythons
  A frilled lizard (D:2)
  8 kobolds
  7 rats
74 creatures vanquished.

Notes
Turn   | Place    | Note
-------+----------+-------------------------------------------
     0 | D:1      | xian the Gargoyle Arcane Marksman began the quest for the
                  | Orb.
     0 | D:1      | Reached XP level 1. HP: 12/12 MP: 2/2
   214 | D:1      | Reached XP level 2. HP: 16/16 MP: 3/3
   689 | D:2      | Reached XP level 3. HP: 19/20 MP: 4/4
   819 | D:2      | Identified the +7 sling "Duidig" {venom, +Blink Str+4 Int+3
                  | Dex+3}
   950 | D:2      | Reached skill level 3 in Ranged Weapons
  1020 | D:2      | Reached XP level 4. HP: 27/27 MP: 5/5
  1298 | D:2      | Reached XP level 5. HP: 21/32 MP: 6/6
  1491 | D:2      | Reached skill level 4 in Ranged Weapons
  1639 | D:3      | Found a faded altar of an unknown god.
  1864 | D:3      | Reached XP level 6. HP: 37/37 MP: 7/7
  2200 | D:4      | Noticed Duvessa
  2200 | D:4      | Noticed Dowan
  2247 | D:4      | Killed Dowan
  2248 | D:4      | Reached skill level 5 in Ranged Weapons
  2250 | D:4      | Slain by Duvessa

Illustrated notes

Levels and vault maps discovered:
D:1:      dpeg_arrival_short_road, layout_basic
D:2:      minmay_chambers_of_twos, layout_rooms, cheibrodos_gnoll_hut
D:3:      layout_basic, basic_ecumenical_altar
D:4:      layout_basic, enter_ossuary_2, uniq_duvessa, uniq_menkaure, uniq_robin

Skill      XL: |  1  2  3  4  5  6 |
---------------+-------------------+-----
Hexes          | 3 |  3.0
Ranged Weapons | 3 4 5 |  5.2
Fighting       | 2 3 |  3.2
Armour         | |  0.7
Dodging        | |  1.9
Stealth        | |  0.2
Spellcasting   | |  1.0

Action                   |  1- 3 |  4- 6 || total
-------------------------+-------+-------++-------
 Fire: Sling             |    98 |    88 ||   186
 Cast: Slow              |       |    10 ||    10
  Use: Scroll            |       |     5 ||     5
Armor: Robe              |    18 |       ||    18
       Skin              |     1 |       ||     1
       Leather armour    |       |    12 ||    12
Dodge: Dodged            |    55 |    32 ||    87
